AoeStats
← dima_togy

Arena

508609855Analyzed
1v1 RM · 8d ago on Sep 23, 2026· 26m 11s· 2 players
Game mode
Random Map
Map size
Tiny (2 player)
Population
200
Speed
Normal
Resources
Standard
Victory
Conquest
Starting age
Dark Age
Ending age
Imperial Age
RankedLock teamsTeams togetherTeam positionsShared explorationLock speedFull tech treeHidden civsTurbo modeCheats
Victory
Defeat
🇸🇬 Mongols · Singapore
1453
+15
🇦🇲 Burgundians · Armenia
1435
-15
dima_togy
6:53 Double-Bit Axe
9:53 Horse Collar
12:06 Feudal Age
15:43 Castle Age
14:38 Bow Saw
17:23 Fletching
18:47 Stone Mining
19:08 Loom
20:07 Stone Shaft Mining
21:06 Bodkin Arrow
GG
10:08 Feudal Age
14:00 Castle Age
12:38 Double-Bit Axe
12:42 Loom
17:31 Fletching
18:28 Bow Saw
21:07 Bodkin Arrow
24:45 Padded Archer Armor
Connection lost

Rejoining the realm…

Still unreachable

The connection could not be restored.

Session expired

The server has moved on; the page needs a fresh start.